Map: Cerulean Fall LE

Players

Serral - Winner!

  • Race: Terran Terran
  • League: Master
  • Spawn Location: 7:00

TheMusZero

  • Race: Protoss Protoss
  • League: Master
  • Spawn Location: 1:00

VOD

Have the link to the VOD?

Description

Time

  • Played on: Dec. 3, 2018, 11:09 a.m.
  • Length: 6:13
Show
View Real Time Build Order
Export as new Build Order

Serral Terran - Winner!

Build Orders:  

Get SALT Encoding   

  12  0:00  SCV  
  13  0:13  SCV  
  14  0:17  Supply Depot  
  14  0:25  SCV  
  15  0:39  Barracks, SCV  
  16  0:46  Refinery  
  16  0:51  SCV  
  17  1:10  Supply Depot  
  17  1:26  Marine  
  18  1:37  Orbital Command  
  18  1:44  Marine  
  19  1:54  Refinery  
  19  2:01  Marine  
  19  2:04  SCV  
  21  2:16  SCV  
  22  2:24  Factory  
  22  2:28  SCV  
  22  2:32  Marine  
  22  2:34  Bunker  
  23  2:40  SCV, Supply Depot  
  24  2:47  Supply Depot  
  24  3:07  Factory Tech Lab  
  24  3:08  Marine, SCV  
  26  3:19  Starport  
  26  3:20  SCV  
  26  3:23  Supply Depot  
  26  3:26  Marine  
  28  3:29  Cyclone  
  31  3:42  Mag-Field Accelerator  
  31  3:44  SCV  
  32  3:50  Supply Depot  
  32  3:58  SCV  
  32  4:01  Cyclone  
  35  4:05  Marine  
  36  4:12  Viking  
  38  4:31  SCV  
  38  4:33  Cyclone  
  42  4:40  Marine  
  42  4:43  SCV  
  44  4:56  SCV  
  45  5:00  Viking  
  45  5:04  Command Center  
  47  5:11  Supply Depot  
  47  5:23  Supply Depot  
  47  5:33  Cyclone  
  50  5:38  Viking  
  48  5:51  SCV  
  48  5:52  Marine  
Show
View Real Time Build Order
Export as new Build Order

TheMusZero Protoss 

Build Orders:  

Get SALT Encoding   

  1  0:00  Probe  
  12  0:05  Probe  
  14  0:17  Pylon  
  14  0:22  Probe  
  15  0:35  Probe  
  15  0:39  Forge  
  16  0:52  Pylon  
  16  1:00  Pylon  
  16  1:03  Pylon  
  16  1:16  Photon Cannon  
  16  1:28  Pylon  
  15  1:33  Gateway  
  15  1:46  Photon Cannon  
  15  1:50  Probe  
  16  2:00  Assimilator  
  16  2:02  Probe  
  17  2:12  Zealot  
  17  2:17  Probe  
  20  2:27  Cybernetics Core  
  19  2:35  Probe, Assimilator  
  20  2:47  Probe  
  20  2:50  Pylon  
  21  2:59  Probe, Adept  
  22  3:11  Probe  
  23  3:20  Photon Cannon  
  23  3:29  Stargate  
  23  3:39  Adept  
  25  3:42  Shield Battery  
  25  4:05  Photon Cannon  
  25  4:15  Fleet Beacon  
  25  4:32  Shield Battery  
  25  4:35  Adept  
  27  4:45  Tempest  
  27  4:47  Pylon  
  28  5:02  Shield Battery  
  28  5:12  Pylon  
  28  5:25  Photon Cannon  
Tags
 
Add a new tag
Caveats
  • Supply blocks, unpowered buildings, or Contaminate may cause inaccurate times.
  • Supply counts are checked every 10 seconds.